 Dungeon Crawl Stone Soup version 0.29-a0-40-g8eb35efe60 (webtiles) character file.

Game seed: 8215903262704516777

5 murtidash the Stinger (level 1, -3/11 HPs)
             Began as an Octopode Venom Mage on Feb 1, 2022.
             Slain by a kobold (4 damage)
             ... on level 1 of the Dungeon.
             The game lasted 00:00:42 (43 turns).

murtidash the Stinger (Octopode Venom Mage)           Turns: 43, Time: 00:00:42

Health: -3/11      AC:  1    Str:  7    XL:     1   Next: 80%
Magic:  0/3        EV: 13    Int: 17    God:
Gold:   29         SH:  0    Dex: 12    Spells: 3/4 levels left

rFire   . . .      SeeInvis .   (no weapon)
rCold   . . .      Faith    .   (no shield)
rNeg    . . .      Spirit   .   (helmet restricted)
rPois   .          Reflect  .   (no amulet)
rElec   .          Harm     .   (no ring)
rCorr   .          Rampage  .   (no ring)
Will    .....                   (no ring)
Stlth   +++.......              (no ring)
HPRegen 0.03/turn               (no ring)
MPRegen 0.08/turn               (no ring)
                                (no ring)
                                (no ring)

@: no status effects
A: almost no armour, amphibious, 8 rings, camouflage 1, gelatinous body 1,
(nimble swimmer 1), tentacles
a: no special abilities


You were on level 1 of the Dungeon.
You visited 1 branch of the dungeon, and saw 1 of its levels.

You collected 29 gold pieces.

You aren't carrying anything.


   Skills:
 + Level 2.1 Dodging
 + Level 2.9 Stealth
 + Level 2.0 Spellcasting
 + Level 1.1 Transmutations
 + Level 3.7 Poison Magic


You had 3 spell levels left.
You knew the following spells:

 Your Spells              Type           Power      Damage    Failure   Level
a - Sting                 Tmut/Pois      40%        1d5       7%          1

Your spell library contained the following spells:

 Spells                   Type           Power      Damage    Failure   Level
 Poisonous Vapours        Pois/Air       16%        N/A       14%         2
 Mephitic Cloud           Conj/Pois/Air  6%         N/A       34%         3
 Olgreb's Toxic Radiance  Pois           14%        N/A       38%         4


Dungeon Overview and Level Annotations

Branches:
Dungeon (1/15)

Altars:


Innate Abilities, Weirdness & Mutations

You cannot wear most types of armour.
You are amphibious.
You can wear up to eight rings at the same time.
Your skin changes colour to match your surroundings (Stealth+).
Your rubbery body absorbs attacks. (AC +1, EV +1)
((You are camouflaged when in or above water. (Stealth+)))
You have tentacles for arms and can constrict up to eight enemies at once.


Message History

Welcome, murtidash the Octopode Venom Mage.
Are you destined to find the legendary Orb of Zot, or to die trying?
Found 29 gold pieces.
Found a staircase leading out of the dungeon.
Lua error: attempt to yield across metamethod/C-call boundary Unknown command.
Okay, then.
Unknown command.
Okay, then.
Unknown command.
Adjust (i)tems, (s)pells, or (a)bilities?
Adjust which spell?
Z - Sting Adjust to which letter? a - Sting
Okay, then.
Unknown command.
You now have 8 gold pieces.
There is a staircase leading out of the dungeon here.
You now have 19 gold pieces (gained 11).
You now have 29 gold pieces (gained 10).
A goblin and 2 jackals come into view.
The jackal barks!
You can't see any susceptible monsters within range! (Use Z to cast anyway.)
A jackal comes into view.
You can't see any susceptible monsters within range! (Use Z to cast anyway.)
A jackal comes into view.
Aim: a jackal (60% to hit)
The sting misses the jackal.
The goblin shouts!
The jackal barks! x3
You now have 2/3 mp.
Aim: a jackal (60% to hit)
The sting misses the jackal.
A rat comes into view.
The jackal closely misses you.
You now have 1/3 mp.
Aim: a jackal (60% to hit)
The sting hits the jackal.
The jackal is poisoned.
The jackal misses you.
You now have 0/3 mp.
You kill the jackal!
You don't have enough magic to cast this spell.
You barely miss the goblin. Your grab misses the goblin.
Your squeeze misses the goblin.
A kobold comes into view. It is wielding a +0 dagger.
The goblin closely misses you.
You closely miss the goblin.
The kobold shouts!
You grab the goblin. You squeeze the goblin.
You kill the goblin!
You barely miss the jackal. You grab the jackal. You constrict the jackal.
The jackal struggles to escape constriction.
The jackal escapes!
The jackal closely misses you. The jackal closely misses you.
The jackal bites you.
You take 3 damage, and have 8/11 hp.
MASSIVE DAMAGE!!
The jackal closely misses you.
Aim: a jackal (lightly wounded, 60% to hit)
The sting hits the jackal.
The jackal is poisoned.
The jackal barely misses you. The jackal completely misses you.
You now have 0/3 mp.
You closely miss the jackal. Your grab misses the jackal.
The jackal closely misses you.
You tentacle-slap the jackal but do no damage.
Your grab misses the jackal. The jackal barely misses you.
The jackal bites you.
You take 3 damage, and have 6/11 hp.
MASSIVE DAMAGE!!
You tentacle-slap the jackal. Your grab misses the jackal.
The jackal bites you.
You take 1 damage, and have 5/11 hp.
You closely miss the jackal. You grab the jackal.
You constrict the jackal, but do no damage.
The jackal barely misses you.
You tentacle-slap the jackal.
You constrict the jackal, but do no damage.
You kill the jackal!
You don't have enough magic to cast this spell.
You tentacle-slap the jackal but do no damage.
Your grab misses the jackal. The jackal bites you.
* * * LOW HITPOINT WARNING * * *
The jackal bites you.
* * * LOW HITPOINT WARNING * * *
You take 4 damage, and have 1/11 hp.
MASSIVE DAMAGE!!
You tentacle-slap the jackal but do no damage.
You grab the jackal.
You constrict the jackal, but do no damage.
The jackal barely misses you.
You tentacle-slap the jackal. You constrict the jackal.
The jackal barely misses you.
Aim: a jackal (heavily wounded, constricted by you, 97% to hit)
The sting hits the jackal.
The jackal is poisoned.
You constrict the jackal.
You kill the jackal!
You now have 0/3 mp.
You barely miss the kobold. Your grab misses the kobold.
The kobold hits you with a +0 dagger.
You die...

#### #≈ ♣.....P.≈#
.....####≈♣♣♣...PPP≈#
#...).#♣.♣.....P.♣#.
..K..##.......<....≈..#
.## ###♣.P.....P.♣#.#
#≈PPP...PPP≈#
#≈.P..r..P.≈#
#≈≈≈≈♣K♣≈≈≈≈#
######@###### #........
...###... ##..# ....
#..## #... #...


You could see a kobold and a rat.

Vanquished Creatures
  A goblin (D:1)
  3 jackals (D:1)
4 creatures vanquished.

Vanquished Creatures (others)
  2 toadstools (D:1)
2 creatures vanquished.

Grand Total: 6 creatures vanquished

Notes
Turn   | Place    | Note
-------+----------+-------------------------------------------
     0 | D:1      | murtidash the Octopode Venom Mage began the quest for the
                  | Orb.
     0 | D:1      | Reached XP level 1. HP: 11/11 MP: 3/3
    39 | D:1      | HP: 1/11 [jackal (2)]
    43 | D:1      | Slain by a kobold

Illustrated notes

Levels and vault maps discovered:
D:1:      ldierk_walled_garden, layout_loops_cross, nicolae_wormholes

Action                   || total
-------------------------++-------
Melee: Unarmed           ||    12
       Constrict         ||     4
       Tentacles         ||     1
 Cast: Sting             ||     5
Dodge: Dodged            ||    13

Table legend: (Time is in decaauts)
 A = Elapsed time spent in this place.
 B = Non-inter-level travel time spent in this place.
 C = Inter-level travel time spent in this place.
 D = Time resting spent in this place.
 E = Time spent auto-exploring this place.
 F = Levels seen in this place.
 G = Mean time per level.
                   A        B        C        D        E       F      G
               +--------+--------+--------+--------+--------+-----+--------+
         Total |     43 |     43 |      0 |      0 |     14 |   1 |   43.0 |
       Dungeon |     43 |     43 |      0 |      0 |     14 |   1 |   43.0 |
               +--------+--------+--------+--------+--------+-----+--------+

Top non-repeatable levels by time:
     D:1: 43 daAuts

Table legend:
 A = Kills in this place as a percentage of kills in entire the game.
 B = Kills by you in this place as a percentage of kills by you in the entire game.
 C = Kills by friends in this place as a percentage of kills by friends in the entire game.
 D = Other kills in this place as a percentage of other kills in the entire game.
 E = Experience gained in this place as a percentage of experience gained in the entire game.
 F = Experience gained in this place divided by the number of levels of this place that you have seen.
                   A       B       C       D       E      F
               +-------+-------+-------+-------+-------+----------------------
         Total | 100.0 | 100.0 |   N/A |   N/A | 100.0 |   8.0
       Dungeon | 100.0 | 100.0 |   N/A |   N/A | 100.0 |   8.0
               +-------+-------+-------+-------+-------+----------------------
